 Dungeon Crawl Stone Soup version 0.24.0-29-g8ce449bc06 (webtiles) character file.

Game seed: 7309639963440332650, levelgen mode: deterministic

74 Flugslaktarn the Covered (level 4, -2/40 HPs)
             Began as a Minotaur Fighter on Nov 13, 2019.
             Slain by a gnoll
             ... wielding a +0 halberd
              (14 damage)
             ... on level 2 of the Dungeon.
             The game lasted 00:00:40 (1206 turns).

Flugslaktarn the Covered (Minotaur Fighter)         Turns: 1206, Time: 00:00:40

Health: -2/40      AC:  8    Str: 22    XL:     4   Next: 10%
Magic:  3/3        EV:  7    Int:  5    God:
Gold:   104        SH:  9    Dex:  9    Spells: 3/3 levels left

rFire    . . .     SeeInvis .   a - +0 war axe
rCold    . . .     Gourm    .   c - +0 shield
rNeg     . . .     Faith    .   b - +0 scale mail
rPois    .         Spirit   .   (helmet restricted)
rElec    .         Reflect  .   (no cloak)
rCorr    .         Harm     .   (no gloves)
MR       .....                  l - +0 pair of boots
Stlth    ..........             (no amulet)
HPRegen  0.13/turn              (no ring)
MPRegen  0.08/turn              (no ring)

@: no status effects
A: retaliatory headbutt, horns 2
a: no special abilities


You were on level 2 of the Dungeon.
You were not hungry.

You visited 1 branch of the dungeon, and saw 2 of its levels.

You collected 104 gold pieces.

Inventory:

Hand Weapons
 a - a +0 war axe (weapon)
Armour
 b - a +0 scale mail (worn)
 c - a +0 shield (worn)
 l - a +0 pair of boots (worn)
   (You found it on level 1 of the Dungeon)
Scrolls
 i - a scroll of amnesia {unknown}
 j - a scroll of random uselessness {unknown}
 m - a scroll of teleportation {unknown}
Potions
 d - a potion of might
 f - a potion of degeneration {unknown}
 g - a potion of lignification {unknown}
 k - a potion of magic {unknown}
Comestibles
 e - 2 rations
 h - 2 chunks of flesh


   Skills:
 + Level 4.1 Fighting
 * Level 4.1 Axes
 + Level 4.1 Armour
 + Level 4.1 Shields


You had 3 spell levels left.
You didn't know any spells.
Your spell library was empty.

Dungeon Overview and Level Annotations

Branches:
Dungeon (2/15)

Altars:


Innate Abilities, Weirdness & Mutations

You reflexively headbutt those who attack you in melee.
You have a pair of horns on your head.


Message History

You block the gnoll's attack. The gnoll hits you with a +0 spear.
The gnoll hits you from afar with a +0 halberd!
You are too injured to fight recklessly!
You are too injured to fight recklessly!
You are too injured to fight recklessly!
You are too injured to fight recklessly!
You are too injured to fight recklessly!
You are too injured to fight recklessly!
You are too injured to fight recklessly!
You are too injured to fight recklessly!
You are too injured to fight recklessly!
You are too injured to fight recklessly!
Unknown command.
Your shield and scale mail prevent you from hitting the gnoll.
You headbutt the gnoll.
You kill the gnoll!
You have reached level 4!
You feel stronger.
The gnoll hits you from afar with a +0 halberd!
You die...

#.# #.#.###..... #.#
#.#.#.......
#.#####.#.#.#รท....
#####...).....#.#.....
#.....#####.###.######
##.##.#####.).........
#.#............##.###
#.#.#########......#
#.#<@)g.......###..#
##.###############..#
#...................#
##############....g.#
#.......# #......##
#......# #......+
#.....(##.


You could see a gnoll.

Vanquished Creatures
  3 gnolls
  An adder (D:2)
  2 oozes (D:1)
  A giant cockroach (D:2)
  4 goblins
  6 hobgoblins
  4 bats
  4 frilled lizards
  3 kobolds (D:1)
  A rat (D:2)
29 creatures vanquished.

Notes
Turn   | Place    | Note
-------+----------+-------------------------------------------
     0 | D:1      | Flugslaktarn the Minotaur Fighter began the quest for the
                  | Orb.
     0 | D:1      | Reached XP level 1. HP: 19/19 MP: 0/0
    79 | D:1      | Reached XP level 2. HP: 27/27 MP: 1/1
   829 | D:2      | Reached XP level 3. HP: 31/33 MP: 2/2
  1206 | D:2      | Reached XP level 4. HP: 12/40 MP: 3/3
  1206 | D:2      | Slain by a gnoll

Levels and vault maps discovered:
D:1:      lightli_iron_boxes, layout_basic, serial_curves, eino_curves_04,
          eino_curves_02, eino_curves_03, minmay_misc_feat_chi,
          chequers_serial_rivers_marsh
D:2:      layout_basic

Skill      XL: |  1  2  3 |
---------------+----------+-----
Axes           | 3 4 |  4.1
Armour         | 4 |  4.1
Shields        | 4 |  4.1
Fighting       | 4 |  4.1

Action                   |  1- 3 |  4- 6 || total
-------------------------+-------+-------++-------
Melee: War axe           |    85 |       ||    85
       Headbutt          |     8 |       ||     8
  Eat: Chunk             |     1 |       ||     1
Armor: Scale mail        |    38 |       ||    38
Dodge: Dodged            |    37 |       ||    37
Block: Shield            |    65 |       ||    65
